 Dungeon Crawl Stone Soup version 0.19-a0-1170-g18f0c96 (webtiles) character file.

115097 Gagarin the Impaler (level 16, -2/138 HPs)
             Began as a Merfolk Gladiator on Aug 17, 2016.
             Was the Champion of Okawaru.
             Killed from afar by Nikola (20 damage)
             ... with a chain lightning
             ... on level 1 of the Swamp.
             The game lasted 02:13:34 (30710 turns).

Gagarin the Impaler (Merfolk Gladiator)            Turns: 30710, Time: 02:13:36

Health: -2/138     AC: 10    Str: 19    XL:     16   Next: 67%
Magic:  17/22      EV: 30    Int: 11    God:    Okawaru [******]
Gold:   902        SH:  5    Dex: 22    Spells: 8 memorised, 4 levels left

rFire  . . .     SeeInvis +     q - +6 bardiche (freeze)
rCold  + . .     Gourm    .     N - +0 steam dragon armour
rNeg   . . .     Faith    .     (shield currently unavailable)
rPois  +         Spirit   .     x - +1 hat {Int+3}
rElec  .         Dismiss  .     O - +0 cloak {rPois}
rCorr  .         Reflect  +     (no gloves)
MR     ++...     Harm     .     L - +1 pair of boots {run}
Stlth  ++++......               G - +5 amulet of reflection
                                d - ring of see invisible
                                a - ring of Finality {rC+ MR+ Dex+5 Stlth+}

@: about to teleport, shrouded, very slightly contaminated, quick
A: change form in water, swift swim
a: Heroism, Finesse, Renounce Religion


You were on level 1 of the Swamp.
You worshipped Okawaru.
Okawaru was exalted by your worship.
You were not hungry.

You visited 4 branches of the dungeon, and saw 24 of its levels.
You visited 1 bazaar.
You also visited: Trove, Sewer and Ice Cave.

You collected 2437 gold pieces.
You spent 1535 gold pieces at shops.

Inventory:

Hand Weapons
 q - a +6 bardiche of freezing (weapon)
 P - a +5 quarterstaff of protection
Missiles
 f - 6 silver tomahawks (quivered)
 M - 11 javelins of penetration
Armour
 x - a +1 hat of intelligence (worn)
 L - a +1 pair of boots of running (worn)
 N - a +0 steam dragon armour (worn)
 O - a +0 cloak of poison resistance (worn)
Jewellery
 a - the ring of Finality (left hand) {rC+ MR+ Dex+5 Stlth+}
   (You bought it in a shop in a bazaar)

   [ring of protection from cold]

   It affects your dexterity (+5).
   It protects you from cold.
   It affects your resistance to hostile enchantments.
   It makes you more stealthy.
 d - a ring of see invisible (right hand)
 G - a +5 amulet of reflection (around neck)
 Z - the ring "Ixtion" {Wiz Dex+4}
   (You found it in an ice cave)

   [ring of wizardry]

   It improves your spell success rate.
   It affects your dexterity (+4).
Wands
 l - a wand of iceblast (5/15)
 n - a wand of flame (6/48)
 p - a wand of iceblast (6/15)
 C - a wand of heal wounds (3/9)
 I - a wand of disintegration (14/24)
 X - a wand of lightning (10/15)
Scrolls
 e - 10 scrolls of remove curse
 k - 2 scrolls of identify
 o - 3 scrolls of teleportation
 y - 3 scrolls of fear
 B - 3 scrolls of magic mapping
 H - 3 scrolls of fog
 V - a scroll of blinking
Potions
 g - 5 potions of agility
 h - a potion of invisibility
 i - 4 potions of cancellation
 s - a potion of brilliance
 t - 3 potions of lignification
 u - 2 potions of flight
 v - 3 potions of might
 w - a potion of resistance
 z - 2 potions of heal wounds
 A - 8 potions of curing
 R - 3 potions of haste
 S - 2 potions of ambrosia
 Y - 3 potions of magic
Miscellaneous
 D - a lamp of fire
Comestibles
 b - 10 chunks of flesh
 c - 2 fruits
 j - 2 meat rations
 J - 4 slices of pizza
 T - 2 bread rations
 U - 5 beef jerkies


   Skills:
 + Level 15.9 Fighting
 + Level 20.0 Polearms
 - Level 2.1 Throwing
 + Level 3.9 Armour
 + Level 18.7 Dodging
 - Level 3.0 Stealth
 - Level 4.5 Spellcasting
 - Level 6.0 Hexes
 - Level 4.4 Charms
 - Level 2.6 Necromancy
 - Level 4.0 Translocations
 - Level 7.1 Invocations


You had 4 spell levels left.
You knew the following spells:

 Your Spells              Type           Power        Failure   Level  Hunger
a - Shroud of Golubria    Chrm/Tloc      ##........   10%         2    ##.....
b - Song of Slaying       Chrm           ##......     6%          2    ##.....
c - Spectral Weapon       Hex/Chrm       ##......     10%         3    ###....
d - Ozocubu's Armour      Chrm/Ice       #.......     30%         3    ###....
e - Apportation           Tloc           ##........   4%          1    None
f - Regeneration          Chrm/Necr      ##........   17%         3    ###....
g - Cause Fear            Hex            ###.......   21%         4    ####...
h - Blink                 Tloc           N/A          10%         2    ##.....


Dungeon Overview and Level Annotations

Branches:
Dungeon (15/15)            Temple (0/1) D:4            Lair (6/6) D:11
  Swamp (1/4) Lair:3       Spider (0/4) Lair:2        Slime (0/5) Lair:6
    Orc (2/2) D:12            Elf (0/3) Orc:2        Vaults (0/5) D:14
 Depths (0/5) D:15

Altars:
Elyvilon
Gozag
Hepliaklqana
Okawaru
Sif Muna
Yredelemnul
Zin
The Shining One
Beogh
Jiyva

Shops:
D:12 (*   D:14 ?   Orc:2 [(=}

Annotations:
Lair:5 exclusion: oklob plant
Lair:6 1 runed door
Swamp:1 Nikola


Message History

You miscast Ozocubu's Armour.
You are very lightly contaminated with residual magic.
Waves of light ripple over your body.
Your +1 pair of boots of running unmelds from your body.
You feel quick.
Nikola casts a spell.
You hear a mighty clap of thunder!
The lightning arc hits you!
The lightning arc hits Nikola.
The lightning arc hits you!
The lightning arc hits Nikola.
The lightning arc hits you!
The lightning arc hits Nikola.
As you read the scroll of teleportation, it crumbles to dust.
You feel strangely unstable.
You closely miss Nikola.
Nikola is lightly wounded.
Nikola mumbles some strange words.
You hear a mighty clap of thunder!
The lightning arc hits you!
* * * LOW HITPOINT WARNING * * *
The lightning arc hits Nikola.
The lightning arc hits you!
You die...

♣ ♣. ♣♣..♣ ♣...♣♣ ♣ ♣.♣
♣♣...♣ ♣.♣..♣. ♣
♣..♣♣♣....♣♣ ♣♣.♣...≈.♣ ♣
♣.≈.≈..♣≈.♣ ♣♣.♣≈.≈≈≈..♣
♣
♣.≈♣≈≈≈♣§≈♣♣♣...≈≈≈≈≈≈.≈♣
♣
♣.≈≈.♣♣♣♣≈.♣..≈≈.≈≈§≈≈≈≈.
♣ ♣.≈≈.♣
♣......≈≈≈≈≈♣♣≈≈. ♣..≈♣♣
♣≈≈≈≈≈@≈≈≈≈..♣≈≈@ ♣≈.♣♣
♣♣.≈≈@......≈≈≈♣. ♣..♣
♣>.≈.≈♣.≈≈≈≈≈. ♣.)♣
♣..≈≈≈≈.≈≈≈≈≈≈ ♣≈≈♣
♣♣.≈.≈..≈≈≈≈≈≈ ♣♣.≈♣
♣.≈...♣≈≈≈≈≈≈ ♣..♣♣
♣...≈≈....≈.≈ ♣..♣
♣≈...♣♣♣≈≈≈≈≈ ♣[.♣ ♣..♣♣♣
.§≈≈≈ ♣..♣ ...♣ .≈..


You could see Nikola.

Vanquished Creatures
  Gastronok (Lair:2)
  A sphinx (D:12)
  A storm dragon (shapeshifter) (D:12)
  A storm dragon (D:12)
  Kirke (Swamp:1)
  A frost giant (IceCv)
  2 stone giants
  Nessos (D:14)
  A dire elephant (D:15)
  Azrael (D:12)
  The ghost of happinesssam the Fencer, a journeyman DrSk of Okawaru (D:12)
  Josephine (D:11)
  5 ettins
  The ghost of jacquesderrida the Carver, a journeyman MiWr of Ashenzari (Lair:1)
  4 hydras
  Harold (D:11)
  4 vault guards (D:14)
  3 catoblepae (Lair:6)
  The ghost of Xiguana the Destroyer, a journeyman TeCj of Vehumet (D:12)
  5 centaur warriors
  An alligator (Swamp:1)
  The ghost of magipi the Carver, a journeyman DEBe of Trog (Orc:2)
  The ghost of epen the Spear-Bearer, a journeyman MfMo of Hepliaklqana (IceCv)
  3 ogre magi
  11 death yaks
  4 tengu warriors (D:15)
  An orc high priest (Orc:2)
  An unseen horror (D:11)
  2 wizards (D:15)
  Pikel (D:3)
  5 hill giants
  An orc knight (Orc:2)
  A necromancer (Lair:6)
  2 deep elf magi
  2 wolf spider zombies
  A salamander (shapeshifter) (D:13)
  3 cyclopes
  A wolf spider (D:15)
  6 elephants
  9 orc sorcerers
  An ugly thing (D:15)
  2 black mambas
  Psyche (D:8)
  An ice statue (IceCv)
  5 spiny frogs
  2 gargoyles
  5 rime drakes
  3 yaktaurs
  8 komodo dragons
  A kobold demonologist (D:14)
  A freezing wraith (D:15)
  13 polar bears (IceCv)
  3 giant leeches (Swamp:1)
  3 trolls (D:15)
  5 two-headed ogres
  5 blink frogs (Lair:3)
  A meliai zombie (D:10)
  7 slime creatures
  4 shadows
  A vampire (D:11)
  74 yaks
  7 wraiths
  2 wyverns
  A basilisk (Lair:4)
  13 hippogriffs
  Grum (D:8)
  3 hungry ghosts
  5 fire elementals (D:12)
  2 steam dragons
  3 vampire mosquitoes
  A swamp worm (Swamp:1)
  13 wargs
  3 hell hounds (D:12)
  4 soldier ants
  12 water moccasins
  11 porcupines
  27 orc warriors
  3 sky beasts
  2 black bears
  3 ice beasts
  5 phantoms
  4 wasps
  2 eyes of draining
  22 ogres
  3 necrophages
  11 centaurs
  30 wolves
  13 crocodiles
  19 giant frogs
  4 big kobolds
  Blork the orc (D:4)
  2 wyvern zombies (D:13)
  9 scorpions
  6 killer bees (D:13)
  5 wights
  10 crimson imps
  4 centaur zombies
  3 jellies
  5 hounds
  46 orc wizards
  4 centaur skeletons
  17 orc priests
  Crazy Yiuf (D:4)
  6 giant frog skeletons
  10 iguanas
  8 worker ants
  3 polar bear simulacra (Lair:6)
  2 yak simulacra (Lair:6)
  11 sheep
  3 wolf simulacra (Lair:6)
  2 hound skeletons
  2 howler monkey zombies (D:11)
  Robin (D:4)
  6 gnolls
  17 adders
  58 river rats
  3 shadow imps
  12 white imps (Lair:4)
  6 oozes
  6 worms
  2 dart slugs
  6 giant geckos
  95 orcs
  4 ball pythons
  14 bats
  10 giant cockroaches
  16 goblins
  10 hobgoblins
  12 jackals
  13 kobolds
  4 quokkas
  A giant cockroach zombie (D:5)
  7 giant newts
  A jackal skeleton (D:4)
  5 rats
  3 river rat simulacra (Lair:6)
  A fungus (Lair:5)
  A plant (Lair:1)
943 creatures vanquished.

Vanquished Creatures (others)
  A shadow (D:12)
  A slave (D:4)
  A wolf (IceCv)
  A centaur (D:14)
  An orc wizard (Orc:2)
  A worker ant (D:4)
  8 spectral weapons
14 creatures vanquished.

Grand Total: 957 creatures vanquished

Notes
Turn   | Place    | Note
-------+----------+-------------------------------------------
     0 | D:1      | Gagarin the Merfolk Gladiator began the quest for the Orb.
     0 | D:1      | Reached XP level 1. HP: 16/16 MP: 1/1
    58 | D:1      | Reached XP level 2. HP: 22/23 MP: 2/2
   108 | D:1      | Reached skill level 5 in Polearms
   460 | D:2      | Reached XP level 3. HP: 27/28 MP: 3/3
   485 | D:2      | Found an iron altar of Okawaru.
   516 | D:2      | Became a worshipper of Warmaster Okawaru
  1124 | D:2      | Reached XP level 4. HP: 35/35 MP: 4/4
  1588 | D:3      | Found a glowing drain.
  1604 | D:3      | Reached skill level 5 in Dodging
  1634 | Sewer    | Entered a sewer
  1637 | Sewer    | Reached XP level 5. HP: 37/41 MP: 5/5
  2110 | Sewer    | Reached skill level 6 in Polearms
  2719 | D:4      | Noticed a slave
  2720 | D:4      | Noticed Pikel
  2720 | D:4      | Noticed a slave
  2722 | D:4      | Noticed a slave
  2757 | D:4      | Noticed an ogre
  2973 | D:4      | Noticed a slave
  2982 | D:3      | Killed an ogre
  2982 | D:3      | Reached XP level 6. HP: 39/49 MP: 6/6
  3070 | D:3      | Killed Pikel
  3070 | D:3      | Reached * piety under Okawaru
  3070 | D:3      | Reached skill level 5 in Fighting
  3070 | D:3      | Reached skill level 8 in Polearms
  3070 | D:3      | Reached XP level 7. HP: 52/57 MP: 7/7
  3140 | D:4      | Reached ** piety under Okawaru
  3140 | D:4      | Reached XP level 8. HP: 45/64 MP: 8/8
  3389 | D:4      | Found a hazy altar of Hepliaklqana.
  3617 | D:4      | Found a staircase to the Ecumenical Temple.
  3714 | D:4      | Noticed Robin
  3752 | D:4      | Killed Robin
  3769 | D:4      | Noticed Blork the orc
  3776 | D:4      | Killed Blork the orc
  4046 | D:4      | Found a runed door.
  4195 | D:4      | Reached skill level 9 in Polearms
  4343 | D:4      | Noticed Crazy Yiuf
  4363 | D:4      | Killed Crazy Yiuf
  4588 | D:5      | Entered Level 5 of the Dungeon
  4634 | D:5      | Learned a level 1 spell: Apportation
  4637 | D:5      | Learned a level 2 spell: Blink
  4848 | D:5      | Reached skill level 1 in Spellcasting
  5038 | D:6      | Reached skill level 1 in Translocations
  5288 | D:6      | Found a white marble altar of Elyvilon.
  5296 | D:6      | Reached XP level 9. HP: 72/72 MP: 11/11
  5335 | D:6      | Reached *** piety under Okawaru
  5650 | D:6      | Reached skill level 10 in Polearms
  6349 | D:7      | Reached **** piety under Okawaru
  6424 | D:7      | Received a gift from Okawaru
  6603 | D:7      | Reached skill level 10 in Dodging
  6674 | D:7      | Found a basalt altar of Yredelemnul.
  6681 | D:7      | Reached XP level 10. HP: 80/80 MP: 15/15
  6959 | D:8      | Found an opulent altar of Gozag.
  6996 | D:8      | Reached skill level 11 in Polearms
  7017 | D:8      | Noticed Psyche
  7034 | D:8      | Killed Psyche
  7460 | D:8      | Found a glowing silver altar of Zin.
  7628 | D:8      | Learned a level 2 spell: Shroud of Golubria
  7835 | D:8      | Reached ***** piety under Okawaru
  7844 | D:8      | Received a gift from Okawaru
  7844 | D:8      | Reached skill level 1 in Charms
  7901 | D:8      | Noticed Grum
  7922 | D:8      | Killed Grum
  8476 | D:9      | Found a glowing golden altar of the Shining One.
  8672 | D:9      | Reached skill level 12 in Polearms
  8814 | D:10     | Entered Level 10 of the Dungeon
  8938 | D:10     | Noticed a hill giant
  8952 | D:10     | Killed a hill giant
  8952 | D:10     | Reached XP level 11. HP: 89/89 MP: 14/17
  8989 | D:10     | Found a deep blue altar of Sif Muna.
  9063 | D:10     | Noticed a hill giant
  9081 | D:10     | Killed a hill giant
  9081 | D:10     | Reached skill level 1 in Invocations
  9583 | D:10     | Received a gift from Okawaru
  9628 | D:10     | Identified a +0 pair of boots of running (Okawaru gifted it to you on level 10 of the Dungeon)
 10062 | D:11     | Noticed Josephine
 10083 | D:11     | Killed Josephine
 10083 | D:11     | Reached skill level 10 in Fighting
 10092 | D:11     | Reached skill level 13 in Polearms
 10749 | D:11     | Noticed Harold
 10765 | D:11     | Killed Harold
 10837 | D:11     | Found a portal to a secret trove of treasure.
 10884 | D:11     | Killed an unseen horror
 10911 | D:11     | Noticed a death yak
 10952 | D:11     | Killed a death yak
 10952 | D:11     | Reached skill level 5 in Invocations
 10952 | D:11     | Reached XP level 12. HP: 81/99 MP: 9/18
 11071 | D:11     | Found a staircase to the Lair.
 11080 | Lair:1   | Entered Level 1 of the Lair of Beasts
 11314 | D:11     | Reached skill level 14 in Polearms
 11363 | D:11     | Found an opulent altar of Gozag.
 11874 | Lair:1   | Noticed jacquesderrida's ghost (journeyman MiWr)
 12110 | Lair:1   | Killed jacquesderrida's ghost
 12165 | Lair:1   | Received a gift from Okawaru
 12893 | Lair:2   | Found a hole to the Spider Nest.
 13429 | Lair:3   | Noticed Gastronok
 13781 | Lair:2   | Killed Gastronok
 13781 | Lair:2   | Reached ****** piety under Okawaru
 13781 | Lair:2   | Received a gift from Okawaru
 13970 | Lair:3   | Reached skill level 15 in Polearms
 14065 | Lair:3   | Found a staircase to the Swamp.
 14223 | Lair:3   | Received a gift from Okawaru
 14223 | Lair:3   | Reached XP level 13. HP: 89/107 MP: 16/19
 14970 | Lair:4   | Found a frozen archway.
 15178 | IceCv    | Entered an ice cave
 15895 | IceCv    | Received a gift from Okawaru
 16000 | IceCv    | Reached skill level 16 in Polearms
 16143 | IceCv    | Noticed epen's ghost (journeyman MfMo)
 16161 | IceCv    | Killed epen's ghost
 16184 | IceCv    | Reached skill level 15 in Dodging
 16387 | IceCv    | Noticed a frost giant
 16405 | IceCv    | Killed a frost giant
 16720 | IceCv    | Got a sparkling golden ring
 16725 | IceCv    | Identified the ring "Ixtion" {Wiz Dex+4} (You found it in an ice cave)
 17479 | Lair:4   | Learned a level 2 spell: Song of Slaying
 17483 | Lair:4   | Learned a level 3 spell: Spectral Weapon
 17487 | Lair:4   | Learned a level 3 spell: Regeneration
 17608 | Lair:4   | Received a gift from Okawaru
 17654 | Lair:4   | Reached skill level 1 in Hexes
 18148 | Lair:5   | Reached XP level 14. HP: 94/118 MP: 15/20
 18733 | Lair:5   | Reached skill level 17 in Polearms
 19393 | Lair:6   | Entered Level 6 of the Lair of Beasts
 19398 | Lair:6   | Found a runed door.
 19398 | Lair:6   | Found a viscous altar of Jiyva.
 19398 | Lair:6   | Found a staircase to the Slime Pits.
 19718 | D:11     | You paid a toll of 14 scrolls of teleportation to enter a treasure trove
 19719 | Trove    | Entered a treasure trove
 19759 | Trove    | Got a fine bardiche
 19760 | Trove    | Identified the +0 bardiche of Athrukih {chop, MR+ Dex+2} (You found it in a treasure trove)
 19787 | Trove    | Got a smoking quarterstaff
 20046 | Lair:6   | Got a crude chain mail
 20371 | Lair:6   | Received a gift from Okawaru
 21204 | Lair:1   | Identified the +1 chain mail of the Barber Surgeon {SInv} (You found it on level 6 of the Lair of Beasts)
 21290 | D:12     | Found a staircase to the Orcish Mines.
 21293 | D:12     | Reached skill level 5 in Hexes
 21403 | D:12     | Reached skill level 18 in Polearms
 21429 | D:12     | Found Niemeny's Weapon Emporium.
 21437 | D:12     | Found a gateway to a bazaar.
 21468 | Bazaar   | Entered a bazaar
 21472 | Bazaar   | Found Lalic's Jewellery Boutique.
 21493 | Bazaar   | Found Xyvuq's Weapon Emporium.
 21511 | Bazaar   | Found Cunaedi's Jewellery Boutique.
 21528 | Bazaar   | Found Ether's Weapon Shoppe.
 21551 | Bazaar   | Bought the ring of Finality {rC+ MR+ Dex+5 Stlth+} for 865 gold pieces
 21561 | Bazaar   | Bought a cursed ring of resist corrosion for 289 gold pieces
 21561 | Bazaar   | Bought an uncursed ring of see invisible for 255 gold pieces
 21695 | D:12     | Found Fin Ollo's Assorted Antiques.
 21703 | D:12     | Bought a scroll of identify for 66 gold pieces
 21812 | D:12     | Noticed Azrael
 21826 | D:12     | Killed Azrael
 21843 | D:12     | Noticed a storm dragon
 21851 | D:12     | Killed a storm dragon
 21851 | D:12     | Received a gift from Okawaru
 21855 | D:12     | Reached XP level 15. HP: 76/127 MP: 17/21
 21857 | D:12     | Noticed Xiguana's ghost (journeyman TeCj)
 21875 | D:12     | Killed Xiguana's ghost
 22222 | D:12     | Noticed a sphinx
 22231 | D:12     | Killed a sphinx
 22254 | D:12     | Reached skill level 1 in Stealth
 22413 | D:12     | Identified Improving Your Theurgy
 22631 | D:12     | Noticed a storm dragon
 22641 | D:12     | Killed a storm dragon
 22641 | D:12     | Received a gift from Okawaru
 22641 | D:12     | Reached skill level 1 in Necromancy
 22642 | D:12     | Got a bloodstained robe {god gift}
 22653 | D:12     | Identified the +0 robe of Zosokh {MR+ SInv} (Okawaru gifted it to you on level 12 of the Dungeon)
 23080 | D:12     | Noticed happinesssam's ghost (journeyman DrSk)
 23089 | D:12     | Killed happinesssam's ghost
 23208 | Lair:1   | Learned a level 4 spell: Cause Fear
 23825 | Orc:1    | Entered Level 1 of the Orcish Mines
 24055 | Orc:2    | Entered Level 2 of the Orcish Mines
 24175 | Orc:2    | Found a roughly hewn altar of Beogh.
 24258 | Orc:2    | Paralysed by an orc sorcerer for 2 turns
 24289 | Orc:2    | Found a roughly hewn altar of Beogh.
 24323 | Orc:2    | Found Idurav's Antique Weapon Boutique.
 24323 | Orc:2    | Found Tihouz's Armour Shoppe.
 24466 | Orc:2    | Found Unuol's Gadget Boutique.
 24466 | Orc:2    | Found Mupep's Jewellery Shoppe.
 24497 | Orc:2    | Noticed magipi's ghost (journeyman DEBe)
 24518 | Orc:2    | Killed magipi's ghost
 24527 | Orc:2    | Reached skill level 15 in Fighting
 24740 | Orc:2    | Found a roughly hewn altar of Beogh.
 24766 | Orc:2    | Reached skill level 19 in Polearms
 24980 | Orc:2    | Found a staircase to the Elven Halls.
 25308 | Orc:1    | Received a gift from Okawaru
 26138 | Orc:1    | Reached skill level 1 in Armour
 26552 | D:13     | Learned a level 3 spell: Ozocubu's Armour
 26994 | D:13     | Reached XP level 16. HP: 126/136 MP: 20/22
 27478 | D:14     | Noticed Nessos
 27495 | D:14     | Killed Nessos
 27509 | D:14     | Found Kadwil's Magic Scroll Shoppe.
 27517 | D:14     | Bought a scroll of identify for 30 gold pieces
 27517 | D:14     | Bought a scroll of identify for 30 gold pieces
 28111 | D:14     | Found a gate to the Vaults.
 28382 | D:15     | Entered Level 15 of the Dungeon
 28525 | D:15     | Found a staircase to the Depths.
 28648 | D:14     | Received a gift from Okawaru
 28649 | D:14     | Got a warped glaive {god gift}
 28653 | D:14     | Identified the +5 glaive "Vaekloss" {chop, rF+ MR- Int+4} (Okawaru gifted it to you on level 14 of the Dungeon)
 30424 | Swamp:1  | Entered Level 1 of the Swamp
 30455 | Swamp:1  | Noticed Kirke
 30464 | Swamp:1  | Reached skill level 20 in Polearms
 30472 | Swamp:1  | Killed Kirke
 30671 | Swamp:1  | Noticed Nikola
 30710 | Swamp:1  | Killed from afar by Nikola

Vault maps used:
D:1:      tarquinn_simple_flora_water_f
D:2:      serial_bayou_lagoon_a, okawaru_ov_weapons_minmay
D:3:      gup_sewer_entry_glass
D:4:      old_standard_altar, uniq_blork_the_orc, uniq_crazy_yiuf_cottage,
          uniq_pikel, uniq_robin
D:5:      first_bread
D:6:      elyvilon_altar_5
D:7:      lemuel_round_altar
D:8:      lemuel_round_altar, hangedman_pestilent_swarm, grunt_gozag_statues,
          uniq_grum, uniq_psyche
D:9:      kennysheep_mini
D:10:     kennysheep_orc_sif_temple
D:11:     david_lair_generic, enter_trove_6, basic_altar, uniq_josephine,
          uniq_harold
D:12:     minmay_orc_entry_guard_dogs, serial_shops, bzr_entry_gold, shop, shop,
          minmay_checkered_concentric_circles, uniq_azrael
D:14:     lightli_vaults_fourway_checkpoint, serial_shops, shop,
          hangedman_glass_teeth, uniq_nessos
D:15:     hangedman_depths_entry_try_elsewhere_first, minmay_misc_feat_columns
Lair:2:   spider_nest_entry_web_field
Lair:3:   swamp_mist, uniq_gastronok
Lair:4:   portal_ice_cave_entry_imps, grunt_megastairs_3
Lair:5:   minmay_lair_oklob_items, serial_bayou_shore_a
Lair:6:   evilmike_catoblepas_cave, slime_altar_2, eino_house_with_fridge
Swamp:1:  hangedman_swamp_lotus, uniq_nikola, uniq_kirke
Orc:2:    st_orc_town, basic_altar, mines1_david
Bazaar:   bazaar_jpeg_circle_common
Trove:    trove_weapon_1
Sewer:    sewer_fruit_machine
IceCv:    ice_cave_caverns_02

Skill      XL: |  1  2  3  4  5  6  7  8  9 10 11 12 13 14 15 16 |
---------------+-------------------------------------------------+-----
Polearms       | 5 6 8 9 10 12 13 15 16 18 19 20 | 20.0
Fighting       | 3 4 5 7 8 9 10 11 13 14 15 | 15.9
Dodging        | 5 7 8 10 11 12 14 15 16 18 | 18.7
Spellcasting   | 1 3 4 |  4.5
Translocations | 1 3 4 |  4.0
Charms         | 3 4 |  4.4
Invocations    | 5 7 |  7.1
Hexes          | 1 5 6 |  6.0
Stealth        | 3 |  3.0
Necromancy     | 2 |  2.6
Armour         | 1 3 |  3.9
Throwing       | |  2.1

Action                   |  1- 3 |  4- 6 |  7- 9 | 10-12 | 13-15 | 16-18 || total
-------------------------+-------+-------+-------+-------+-------+-------++-------
Melee: Trident           |   105 |   201 |   104 |       |       |       ||   410
       Tailslap          |     1 |       |       |       |    10 |    13 ||    24
       Halberd           |       |       |   355 |   751 |       |       ||  1106
       Glaive            |       |       |       |   196 |   550 |       ||   746
       Quarterstaff      |       |       |       |       |    26 |    10 ||    36
       Bardiche          |       |       |       |       |   688 |   302 ||   990
Throw: Throwing net      |       |     3 |       |     3 |       |       ||     6
       Javelin           |       |       |     1 |    14 |    14 |       ||    29
 Cast: Shroud of Golubri |       |       |       |    20 |    66 |    23 ||   109
       Blink             |       |       |       |     1 |     4 |       ||     5
       Apportation       |       |       |       |     1 |       |       ||     1
       Spectral Weapon   |       |       |       |       |    21 |     2 ||    23
       Song of Slaying   |       |       |       |       |    18 |     2 ||    20
       Regeneration      |       |       |       |       |     3 |     1 ||     4
       Cause Fear        |       |       |       |       |     6 |     1 ||     7
       Ozocubu's Armour  |       |       |       |       |     1 |     9 ||    10
Invok: Heroism           |       |       |     7 |    13 |    13 |     1 ||    34
       Finesse           |       |       |       |     2 |       |       ||     2
Evoke: Wand              |       |       |       |       |     1 |       ||     1
  Use: Scroll            |       |       |     5 |    21 |     8 |     4 ||    38
       Potion            |       |       |       |     2 |     6 |     1 ||     9
 Stab: Sleeping          |     4 |     2 |     5 |    10 |     7 |     5 ||    33
       Held in net/web   |       |     1 |       |     1 |       |       ||     2
       Invisible         |       |       |       |     2 |       |       ||     2
       Distracted        |       |       |       |       |    14 |     3 ||    17
       Fleeing           |       |       |       |       |     2 |       ||     2
  Eat: Chunk             |     1 |     6 |    12 |    29 |    50 |    15 ||   113
       Fruit             |       |       |       |     1 |       |       ||     1
Armor: Leather armour    |    22 |    35 |    12 |       |       |       ||    69
       Animal skin       |       |       |    49 |       |       |       ||    49
       Steam dragon armo |       |       |     3 |   154 |   119 |    29 ||   305
Dodge: Dodged            |    47 |   115 |   261 |   630 |  1253 |   311 ||  2617
Block: Other             |       |       |    61 |   175 |   258 |    64 ||   558
       Reflection        |       |       |     3 |     1 |     6 |     8 ||    18
